AoeStats
← Enlightened

Arena

510318158Analyzed
3v3 RM · 20h ago on Sep 30, 2026· 48m 5s· 6 players
Game mode
Random Map
Map size
Normal (6 player)
Population
200
Speed
Normal
Resources
Standard
Victory
Conquest
Starting age
Dark Age
Ending age
Imperial Age
RankedLock teamsTeams togetherTeam positionsShared explorationLock speedFull tech treeHidden civsTurbo modeCheats
Victory
Defeat
🇨🇳 Teutons · China
1332
+15
🇨🇳 Romans · China
1300
+17
🇨🇳 Bengalis · China
1295
+17
🇨🇳 Bengalis · China
1362
-19
🇨🇳 Cumans · China
1291
-15
🇪🇸 Britons · Spain
1289
-15
卖节操了
11:36 Feudal Age
15:17 Castle Age
13:29 Double-Bit Axe
13:26 Horse Collar
16:49 Bow Saw
19:07 Wheelbarrow
19:25 Heavy Plow
22:36 Gold Mining
24:09 Hand Cart
25:09 Gold Shaft Mining
24:26 Stone Mining
29:26 Imperial Age
27:42 Ballistics
27:15 Fletching
27:25 Padded Archer Armor
29:09 Bodkin Arrow
29:29 Leather Archer Armor
29:21 Ballistas
30:44 Conscription
30:01 Heavy Scorpion
32:32 Chemistry
33:28 Ring Archer Armor
36:51 Siege Engineers
38:03 Coinage
37:44 Guilds
37:23 Man-at-Arms
38:04 Squires
38:38 Long Swordsman
39:31 Forging
39:21 Scale Mail Armor
40:05 Legionary
42:42 Iron Casting
42:22 Chain Mail Armor
46:56 Blast Furnace
46:02 Scale Barding Armor
46:40 Banking
lanlinxxs
10:00 Feudal Age
15:26 Castle Age
13:36 Horse Collar
15:10 Double-Bit Axe
17:11 Bow Saw
17:44 Wheelbarrow
19:36 Heavy Plow
23:22 Gold Mining
23:22 Stone Mining
28:36 Imperial Age
25:55 Loom
25:56 Town Watch
27:00 Gold Shaft Mining
26:21 Fletching
27:39 Hand Cart
27:29 Padded Archer Armor
29:00 Bodkin Arrow
29:21 Leather Archer Armor
31:12 Conscription
30:59 Paiks
31:01 Bracer
31:32 Ring Archer Armor
32:04 Chemistry
30:37 Elite Elephant Archer
32:07 Ballistics
32:14 Husbandry
32:24 Bloodlines
32:58 Siege Engineers
32:58 Town Patrol
33:41 Mahayana
35:27 Two-Man Saw
35:00 Crop Rotation
35:07 Guilds
35:27 Coinage
36:50 Caravan
37:35 Banking
37:06 Caravan
44:36 Elite Skirmisher
47:13 Herbal Medicine
不摇碧莲
5:02 Loom
8:27 Feudal Age
12:55 Horse Collar
15:58 Fletching
23:00 Castle Age
21:58 Scale Mail Armor
24:44 Bodkin Arrow
29:06 Gold Mining
31:21 Pikeman
36:18 Imperial Age
36:00 Forging
36:00 Double-Bit Axe
36:49 Squires
37:29 Arson
38:06 Conscription
37:42 Capped Ram
38:12 Heavy Scorpion
40:28 Wheelbarrow
39:24 Halberdier
40:50 Ironclad
40:52 Crenellations
44:33 Chain Mail Armor
44:29 Forging
47:54 Plate Mail Armor
47:59 Iron Casting
48:39 Bow Saw
48:30 Heavy Plow
48:22 Gold Mining
48:23 Stone Mining
48:49 Hand Cart
48:20 Town Watch
Enlightened
4:51 Loom
10:59 Feudal Age
16:12 Castle Age
14:16 Double-Bit Axe
14:16 Horse Collar
16:13 Wheelbarrow
17:14 Bow Saw
17:06 Heavy Plow
19:17 Fervor
19:53 Hand Cart
20:04 Gold Mining
23:11 Stone Mining
24:49 Fletching
25:42 Gold Shaft Mining
25:27 Padded Archer Armor
26:46 Fortified Wall
27:00 Ballistics
27:17 Town Watch
27:30 Bodkin Arrow
27:50 Leather Archer Armor
31:28 Imperial Age
29:48 Leather Archer Armor
29:55 Pikeman
31:20 Forging
31:10 Scale Mail Armor
31:27 Squires
32:06 Town Patrol
33:12 Two-Man Saw
32:14 Bracer
35:22 Iron Casting
34:47 Scale Mail Armor
34:17 Halberdier
35:29 Ring Archer Armor
35:23 Conscription
37:38 Yeomen
将苟且的爸爸
11:18 Feudal Age
12:03 Loom
13:26 Fletching
15:49 Double-Bit Axe
15:57 Horse Collar
23:35 Castle Age
23:25 Stone Mining
27:03 Wheelbarrow
27:33 Bow Saw
27:25 Heavy Plow
31:43 Imperial Age
29:50 Padded Archer Armor
30:00 Gold Mining
31:02 Paiks
30:56 Bodkin Arrow
31:57 Husbandry
33:29 Chemistry
33:21 Bloodlines
33:35 Ballistics
34:57 Hand Cart
35:20 Gold Shaft Mining
35:17 Conscription
34:53 Elite Skirmisher
36:11 Bracer
37:25 Leather Archer Armor
39:23 Elite Elephant Archer
43:17 Ring Archer Armor
44:08 Onager
纯属意外666
9:00 Feudal Age
11:32 Double-Bit Axe
21:22 Castle Age
20:02 Bloodlines
20:12 Scale Barding Armor
20:21 Gold Mining
21:19 Forging
22:42 Chain Barding Armor
22:28 Loom
23:58 Iron Casting
25:09 Bow Saw
24:40 Horse Collar
27:17 Fletching
28:24 Wheelbarrow
34:00 Imperial Age
31:51 Hand Cart
33:41 Bodkin Arrow
34:33 Cavalier
35:58 Plate Barding Armor
36:24 Blast Furnace
35:25 Padded Archer Armor
36:41 Heavy Plow
37:17 Paladin
38:28 Onager
44:44 Chemistry
44:05 Ballistics
43:21 Siege Onager
Connection lost

Rejoining the realm…

Still unreachable

The connection could not be restored.

Session expired

The server has moved on; the page needs a fresh start.